[Event "45th FIDE Womens Olympiad 2024"]
[Site "Budapest"]
[Date "2024.09.15"]
[Round "5.197"]
[White "Garcia, Angie"]
[Black "Mongeli, Sasha"]
[Result "0-1"]
[ECO "C42"]
[WhiteElo "2015"]
[BlackElo "1819"]
[PlyCount "82"]
[EventDate "2024.09.05"]
[EventType "team-tourn"]
[EventCountry "HUN"]
[WhiteTeam "El Salvador"]
[BlackTeam "Kenya"]
[WhiteTeamCountry "ESA"]
[BlackTeamCountry "KEN"]
[TimeControl "40/5400+30:1800+30"]

1. e4 e5 2. Nf3 Nf6 3. Nxe5 d6 4. Nf3 Nxe4 5. Nc3 Nxc3 6. dxc3 Be7 7. Be3 Nd7 8. Qd2 Nf6 9. h3 O-O 10. Bd3 a6 11. O-O-O c5 12. c4 b5 13. g4 Bb7 14. Qe2 bxc4 15. Bxc4 d5 16. g5 Ne4 17. a3 Re8 18. Rhg1 Qb6 19. Rxd5 Bxd5 20. Bxd5 Rab8 21. c4 Nc3 22. Qc2 Nxd5 23. cxd5 Qb3 24. Rd1 Bd6 25. Qxb3 Rxb3 26. Nd2 Rd3 27. Nc4 Rxd1+ 28. Kxd1 Rd8 29. Kc2 Bc7 30. Bxc5 Rxd5 31. Be3 Bd8 32. h4 f6 33. f4 fxg5 34. hxg5 Bc7 35. Kc3 Kf7 36. Nd2 Rf5 37. Ne4 Bxf4 38. Bd4 Be5 39. Kc4 Bxd4 40. Nd6+ Kg6 41. Nxf5 Bxb2 {0-} 0-1

[Event "45th FIDE Womens Olympiad 2024"]
[Site "Budapest"]
[Date "2024.09.15"]
[Round "5.198"]
[White "Ndirangu, Joyce Nyaruai"]
[Black "Vasquez Vasquez, Marielos"]
[Result "1-0"]
[ECO "B23"]
[WhiteElo "1782"]
[BlackElo "1844"]
[PlyCount "89"]
[EventDate "2024.09.05"]
[EventType "team-tourn"]
[EventCountry "HUN"]
[WhiteTeam "Kenya"]
[BlackTeam "El Salvador"]
[WhiteTeamCountry "KEN"]
[BlackTeamCountry "ESA"]
[TimeControl "40/5400+30:1800+30"]

1. e4 c5 2. Nc3 Nc6 3. Bc4 g6 4. f4 Bg7 5. Nf3 e6 6. d3 Nge7 7. O-O O-O 8. Qe1 d5 9. Bb3 Nd4 10. Nxd4 cxd4 11. Ne2 dxe4 12. dxe4 b5 13. Kh1 Bb7 14. Ng3 a5 15. a3 a4 16. Ba2 Rc8 17. Rf2 Qb6 18. Bd2 Nc6 19. Rd1 h5 20. f5 exf5 21. exf5 Ne5 22. fxg6 Qxg6 23. Nf5 Rfe8 24. Bb4 Nc4 25. Ne7+ Rxe7 26. Qxe7 Bd5 27. c3 d3 28. Bb1 Ne5 29. Qd6 Qe4 30. Kg1 Qg4 31. Qxd5 Qxd1+ 32. Rf1 Qb3 33. Qxb5 Rd8 34. Qb6 Qd5 35. Qd4 Qxd4+ 36. cxd4 Rxd4 37. Rd1 Rd7 38. Bc3 Nc4 39. Bxd3 Bxc3 40. bxc3 Nb2 41. Bh7+ Kxh7 42. Rxd7 Kg6 43. Rd4 Kf5 44. Kf2 Kg5 45. Ke2 1-0

[Event "45th FIDE Womens Olympiad 2024"]
[Site "Budapest"]
[Date "2024.09.15"]
[Round "5.199"]
[White "Zavala Galindo, Alejandra Beatriz"]
[Black "Mutisya, Jully"]
[Result "1-0"]
[ECO "A05"]
[WhiteElo "1870"]
[BlackElo "1750"]
[PlyCount "81"]
[EventDate "2024.09.05"]
[EventType "team-tourn"]
[EventCountry "HUN"]
[WhiteTeam "El Salvador"]
[BlackTeam "Kenya"]
[WhiteTeamCountry "ESA"]
[BlackTeamCountry "KEN"]
[TimeControl "40/5400+30:1800+30"]

1. Nf3 Nf6 2. g3 g6 3. Bg2 Bg7 4. d3 O-O 5. e4 d6 6. O-O c6 7. a4 e5 8. Nbd2 Na6 9. Re1 h6 10. c3 Nc5 11. Qc2 Nh7 12. b4 Ne6 13. Nc4 f5 14. Nh4 Rf6 15. Nxg6 fxe4 16. Nh4 exd3 17. Qxd3 Neg5 18. Bxg5 hxg5 19. Be4 gxh4 20. Bxh7+ Kh8 21. Nxe5 Be6 22. Ng6+ Kxh7 23. Nf8+ Kg8 24. Nxe6 Qb6 25. Qe3 Qxe3 26. Rxe3 Bh6 27. f4 hxg3 28. hxg3 Kf7 29. Rae1 Rg8 30. Kf2 Rc8 31. Kf3 c5 32. g4 cxb4 33. g5 Rxe6 34. Rxe6 Rxc3+ 35. Kg4 Bf8 36. g6+ Kg8 37. f5 Rc4+ 38. Kg5 Rc2 39. Re8 Rg2+ 40. Kf6 Rg3 41. R1e7 1-0

[Event "45th FIDE Womens Olympiad 2024"]
[Site "Budapest"]
[Date "2024.09.15"]
[Round "5.200"]
[White "Ingado, Mercy"]
[Black "Barahona, Dalila Yamileth"]
[Result "0-1"]
[ECO "B34"]
[WhiteElo "1645"]
[BlackElo "1833"]
[PlyCount "72"]
[EventDate "2024.09.05"]
[EventType "team-tourn"]
[EventCountry "HUN"]
[WhiteTeam "Kenya"]
[BlackTeam "El Salvador"]
[WhiteTeamCountry "KEN"]
[BlackTeamCountry "ESA"]
[TimeControl "40/5400+30:1800+30"]

1. e4 c5 2. Nf3 g6 3. d4 cxd4 4. Nxd4 Bg7 5. Nc3 Nc6 6. Be3 Nf6 7. Bd3 O-O 8. O-O d5 9. f3 dxe4 10. Nxc6 bxc6 11. Nxe4 Nd5 12. Bc1 Bxb2 13. Bxb2 Qb6+ 14. Rf2 f5 15. c4 Ne3 16. Qd2 fxe4 17. Qc3 Rf6 18. Bxe4 Nf5 19. c5 Qc7 20. g4 Ng7 21. g5 Rf7 22. Rd1 Be6 23. Rfd2 Raf8 24. a3 Qf4 25. Bxc6 Qxg5+ 26. Kh1 Qf6 27. Qa5 Qf4 28. Rd4 Qe3 29. R4d3 Qf4 30. Re1 Bh3 31. Qc3 Qg5 32. Rg1 Qf5 33. Be4 Qf4 34. Rg3 Bf5 35. Bxf5 Qxf5 36. c6 Qf6 {0-} 0-1

[Event "45th FIDE Womens Olympiad 2024"]
[Site "Budapest"]
[Date "2024.09.15"]
[Round "5.201"]
[White "Antonova, Nadezhda"]
[Black "Aliu, Arlinda"]
[Result "1-0"]
[ECO "D12"]
[WhiteElo "1967"]
[BlackElo "1780"]
[PlyCount "117"]
[EventDate "2024.09.05"]
[EventType "team-tourn"]
[EventCountry "HUN"]
[WhiteTeam "Tajikistan"]
[BlackTeam "Kosovo"]
[WhiteTeamCountry "TJK"]
[BlackTeamCountry "KOS"]
[TimeControl "40/5400+30:1800+30"]

1. Nf3 d5 2. e3 Nf6 3. c4 c6 4. Nc3 Bf5 5. d4 e6 6. Nh4 Bg4 7. Qb3 Qc7 8. h3 Bh5 9. g4 Bg6 10. Nxg6 hxg6 11. Bg2 Be7 12. Bd2 Nbd7 13. Rc1 Nb6 14. cxd5 exd5 15. Nxd5 Nbxd5 16. Bxd5 Nxd5 17. Qxd5 Qb6 18. Qe4 Rd8 19. Bc3 Rd5 20. a3 Kd7 21. Qf3 f5 22. Kd2 Qb3 23. Qd1 Qxd1+ 24. Rcxd1 Rh4 25. f3 Ke6 26. Rde1 Rd8 27. e4 f4 28. Re2 Bf6 29. e5 Be7 30. Kd3 Kd5 31. b4 b6 32. Rb2 Rdh8 33. Rbh2 a6 34. Be1 R4h6 35. h4 g5 36. h5 c5 37. dxc5 bxc5 38. Bc3 cxb4 39. axb4 Rb8 40. Rb2 g6 41. Ra2 gxh5 42. Rxh5 Rg6 43. Ra5+ Rb5 44. Ra4 Rgb6 45. Rh8 Bxb4 46. Rd8+ Ke6 47. Bd4 Bc5 48. Bxc5 Rxc5 49. Kd4 Rcb5 50. Re8+ Kf7 51. Ra8 Rb4+ 52. Rxb4 Rxb4+ 53. Kd5 Rb5+ 54. Ke4 a5 55. Kf5 Rb3 56. e6+ Ke7 57. Ra7+ Kd8 58. Kf6 Rxf3 59. e7+ 1-0

[Event "45th FIDE Womens Olympiad 2024"]
[Site "Budapest"]
[Date "2024.09.15"]
[Round "5.202"]
[White "Recica, Jona"]
[Black "Saidova, Rukhshona"]
[Result "0-1"]
[ECO "C56"]
[WhiteElo "1791"]
[BlackElo "1873"]
[PlyCount "62"]
[EventDate "2024.09.05"]
[EventType "team-tourn"]
[EventCountry "HUN"]
[WhiteTeam "Kosovo"]
[BlackTeam "Tajikistan"]
[WhiteTeamCountry "KOS"]
[BlackTeamCountry "TJK"]
[TimeControl "40/5400+30:1800+30"]

1. e4 e5 2. Nf3 Nc6 3. d4 exd4 4. Bc4 Nf6 5. Ng5 d5 6. exd5 Qe7+ 7. Kf1 Ne5 8. Qxd4 Nxc4 9. Qxc4 h6 10. Nf3 Qc5 11. Qe2+ Be7 12. c4 Nxd5 13. Na3 Nb4 14. Nb5 a6 15. Be3 Qc6 16. Nfd4 Qd7 17. Nc3 O-O 18. Rd1 Bf6 19. Nb3 Qc6 20. a3 Bxc3 21. bxc3 Be6 22. Na5 Qa4 23. cxb4 b6 24. Rc1 bxa5 25. Qb2 Bxc4+ 26. Ke1 Rad8 27. f3 Rd3 28. Kf2 Rxa3 29. Ra1 axb4 30. Bc5 Re8 31. Qxb4 Rxa1 {0-} 0-1

[Event "45th FIDE Womens Olympiad 2024"]
[Site "Budapest"]
[Date "2024.09.15"]
[Round "5.203"]
[White "Tolibova, Dilola"]
[Black "Saraci, Rinesa"]
[Result "1/2-1/2"]
[ECO "C50"]
[WhiteElo "1831"]
[BlackElo "1757"]
[PlyCount "93"]
[EventDate "2024.09.05"]
[EventType "team-tourn"]
[EventCountry "HUN"]
[WhiteTeam "Tajikistan"]
[BlackTeam "Kosovo"]
[WhiteTeamCountry "TJK"]
[BlackTeamCountry "KOS"]
[TimeControl "40/5400+30:1800+30"]

1. e4 e5 2. Nf3 Nc6 3. Bc4 Nf6 4. d3 Bc5 5. Nc3 d6 6. h3 O-O 7. Bg5 Na5 8. Nd5 Nxc4 9. dxc4 Bxf2+ 10. Ke2 Bg3 11. Nh4 c6 12. Ne3 h6 13. Bxf6 Qxf6 14. Nhf5 Bxf5 15. Nxf5 Qg5 16. Qd3 Qh5+ 17. Qf3 Qxf3+ 18. gxf3 Bf4 19. Nxd6 b6 20. h4 Rfd8 21. Rad1 Rd7 22. Nf5 Rad8 23. Rd3 Rxd3 24. cxd3 Kf8 25. h5 Bg5 26. b4 Be7 27. a3 Rd7 28. Rd1 c5 29. b5 Bg5 30. a4 g6 31. Ne3 Bxe3 32. Kxe3 g5 33. a5 Ke7 34. axb6 axb6 35. Ra1 Rb7 36. Ra8 Kf6 37. Rh8 Kg7 38. Re8 f6 39. Ra8 Kf7 40. Rh8 Kg7 41. Ra8 Kh7 42. Rf8 Kg7 43. Ra8 Kh7 44. Rf8 Kg7 45. Ra8 Kh7 46. Rf8 Kg7 47. Ra8 1/2-1/2

[Event "45th FIDE Womens Olympiad 2024"]
[Site "Budapest"]
[Date "2024.09.15"]
[Round "5.204"]
[White "Saraci, Ndriqona"]
[Black "Mashabova, Shukrona"]
[Result "1/2-1/2"]
[ECO "C45"]
[WhiteElo "1656"]
[BlackElo "1711"]
[PlyCount "143"]
[EventDate "2024.09.05"]
[EventType "team-tourn"]
[EventCountry "HUN"]
[WhiteTeam "Kosovo"]
[BlackTeam "Tajikistan"]
[WhiteTeamCountry "KOS"]
[BlackTeamCountry "TJK"]
[TimeControl "40/5400+30:1800+30"]

1. e4 e5 2. Nf3 Nc6 3. d4 exd4 4. Nxd4 Bc5 5. Be3 Qf6 6. c3 Nge7 7. Qd2 O-O 8. Nxc6 Qxc6 9. Bxc5 Qxc5 10. Qd4 Qg5 11. Nd2 Nc6 12. Qd5 Qf6 13. Nf3 d6 14. h3 Re8 15. Bb5 Be6 16. Qg5 Qxg5 17. Nxg5 Bd7 18. Bc4 Ne5 19. Bb3 h6 20. f4 hxg5 21. fxe5 Rxe5 22. O-O Be6 23. Bc2 Re8 24. Rad1 Bxa2 25. b3 Rb5 26. Rf5 Rxf5 27. exf5 Re2 28. Rc1 Rxc2 29. Rxc2 Bxb3 30. Rb2 Bd5 31. c4 Bc6 32. Kf2 f6 33. g3 Kf7 34. h4 gxh4 35. gxh4 b6 36. Ke3 a5 37. Kd4 a4 38. Kc3 d5 39. Rd2 dxc4 40. Kxc4 b5+ 41. Kc5 Be4 42. Rd7+ Kg8 43. Kxb5 c6+ 44. Kxa4 Bxf5 45. Rc7 Kh7 46. Kb4 Be4 47. Kc3 Kh6 48. Kd4 Bd5 49. Ke3 g5 50. hxg5+ Kxg5 51. Rg7+ Kf5 52. Rh7 Ke5 53. Re7+ Kd6 54. Rh7 f5 55. Kf4 Be4 56. Rh2 Kd5 57. Rd2+ Kc4 58. Ke3 Kc3 59. Rf2 c5 60. Rh2 c4 61. Rf2 Kb3 62. Kd2 c3+ 63. Kc1 c2 64. Rf4 Kc4 65. Rf2 Kd4 66. Kd2 Ke5 67. Rf1 Kf6 68. Ke3 Ke5 69. Kd2 Kd4 70. Rf4 Kc4 71. Rf2 Kb3 72. Kc1 1/2-1/2

[Event "45th FIDE Womens Olympiad 2024"]
[Site "Budapest"]
[Date "2024.09.15"]
[Round "5.205"]
[White "Kaslan, Catherine"]
[Black "Sanudula, K M Dahamdi"]
[Result "0-1"]
[ECO "B01"]
[WhiteElo "1902"]
[BlackElo "2023"]
[PlyCount "84"]
[EventDate "2024.09.05"]
[EventType "team-tourn"]
[EventCountry "HUN"]
[WhiteTeam "Suriname"]
[BlackTeam "Sri Lanka"]
[BlackTeamCountry "SRI"]
[TimeControl "40/5400+30:1800+30"]

1. e4 d5 2. exd5 Qxd5 3. Nc3 Qa5 4. d4 Nf6 5. Bc4 Bf5 6. Nf3 e6 7. Bd2 c6 8. Qe2 Bb4 9. O-O O-O 10. a3 Bxc3 11. Bxc3 Qc7 12. b3 Nd5 13. Bb2 b5 14. Bd3 Nf4 15. Qe3 Nxd3 16. cxd3 Nd7 17. Rac1 Rac8 18. Nh4 Bg6 19. f4 Nf6 20. Rc5 Nd5 21. Qd2 Bf5 22. g3 Rfd8 23. Rfc1 Ne7 24. Rxb5 cxb5 25. Rxc7 Rxc7 26. Nxf5 Nxf5 27. Qa5 Rcd7 28. Qxb5 Nxd4 29. Bxd4 Rxd4 30. Kg2 Rxd3 31. a4 h5 32. b4 h4 33. Qc5 hxg3 34. hxg3 Rb3 35. Qe7 Rd2+ 36. Kh3 g6 37. b5 Rdd3 38. Qxa7 Rxg3+ 39. Kh2 Rge3 40. Kg2 Re2+ 41. Kf1 Rc2 42. Qa8+ Kg7 {0-} 0-1

[Event "45th FIDE Womens Olympiad 2024"]
[Site "Budapest"]
[Date "2024.09.15"]
[Round "5.206"]
[White "Tharushi, T H D Niklesha"]
[Black "Kaslan, Alexandra"]
[Result "1/2-1/2"]
[ECO "D35"]
[WhiteElo "1852"]
[BlackElo "1675"]
[PlyCount "96"]
[EventDate "2024.09.05"]
[EventType "team-tourn"]
[EventCountry "HUN"]
[WhiteTeam "Sri Lanka"]
[BlackTeam "Suriname"]
[WhiteTeamCountry "SRI"]
[TimeControl "40/5400+30:1800+30"]

1. d4 Nf6 2. c4 e6 3. Nc3 d5 4. cxd5 exd5 5. Bg5 Be7 6. e3 c6 7. Bd3 h6 8. Bf4 Be6 9. h3 Nbd7 10. Nge2 O-O 11. O-O a6 12. Bh2 c5 13. Nf4 Qb6 14. Na4 Qc6 15. dxc5 Nxc5 16. Nxe6 Qxe6 17. Nxc5 Bxc5 18. Qc2 Bd6 19. Bf5 Bxh2+ 20. Kxh2 Qe5+ 21. Kg1 Ne4 22. Bxe4 dxe4 23. Rfd1 Rfd8 24. Qb3 b5 25. Rac1 Rac8 26. Rxc8 Rxc8 27. g3 Rc4 28. a4 Qf5 29. axb5 axb5 30. Rd8+ Kh7 31. Rd4 Rc1+ 32. Rd1 Rc4 33. g4 Qf3 34. Rf1 Qxh3 35. Qxb5 Qxg4+ 36. Kh2 Qh4+ 37. Kg2 Qg5+ 38. Qxg5 hxg5 39. Rh1+ Kg6 40. Ra1 Rb4 41. Ra6+ f6 42. Ra2 f5 43. Ra6+ Kh5 44. Ra7 Rxb2 45. Rxg7 Kh6 46. Rg8 f4 47. exf4 gxf4 48. Rg4 e3 1/2-1/2

[Event "45th FIDE Womens Olympiad 2024"]
[Site "Budapest"]
[Date "2024.09.15"]
[Round "5.207"]
[White "Wu, Elise"]
[Black "Pallie, Ehsha Mishela"]
[Result "0-1"]
[ECO "B28"]
[WhiteElo "1595"]
[BlackElo "1767"]
[PlyCount "66"]
[EventDate "2024.09.05"]
[EventType "team-tourn"]
[EventCountry "HUN"]
[WhiteTeam "Suriname"]
[BlackTeam "Sri Lanka"]
[BlackTeamCountry "SRI"]
[TimeControl "40/5400+30:1800+30"]

1. e4 c5 2. Nf3 a6 3. c3 d5 4. exd5 Qxd5 5. d4 Bg4 6. Be2 e6 7. Na3 Nc6 8. Nc2 cxd4 9. Ncxd4 Nf6 10. Be3 Be7 11. h3 Bh5 12. Qa4 O-O 13. Rd1 b5 14. Nxc6 Qxc6 15. Qb3 Qc7 16. Bg5 Nd5 17. Bxe7 Qxe7 18. Nd4 Bxe2 19. Nxe2 Rfc8 20. O-O Rab8 21. Rfe1 Qc5 22. Nd4 b4 23. Nxe6 fxe6 24. Rxe6 bxc3 25. Rxd5 Rxb3 26. Rxc5 Rxc5 27. bxc3 Rbxc3 28. Rxa6 Kf7 29. a4 Rc6 30. Ra7+ Kf6 31. a5 Ra3 32. Ra8 h6 33. Ra7 Rc5 {0-} 0-1

[Event "45th FIDE Womens Olympiad 2024"]
[Site "Budapest"]
[Date "2024.09.15"]
[Round "5.208"]
[White "Gunawardhana, Devindya Oshini"]
[Black "Tjong Tjin Joe, Maylee"]
[Result "1-0"]
[ECO "C65"]
[WhiteElo "1956"]
[BlackElo "1665"]
[PlyCount "93"]
[EventDate "2024.09.05"]
[EventType "team-tourn"]
[EventCountry "HUN"]
[WhiteTeam "Sri Lanka"]
[BlackTeam "Suriname"]
[WhiteTeamCountry "SRI"]
[TimeControl "40/5400+30:1800+30"]

1. e4 e5 2. Nf3 Nc6 3. Bb5 Nf6 4. d3 Bc5 5. O-O d6 6. c3 Bb6 7. h3 O-O 8. Nbd2 a6 9. Ba4 Bd7 10. Bc2 Re8 11. Nc4 Ba7 12. Re1 b5 13. Ne3 h6 14. Nf1 Ne7 15. d4 Ng6 16. Ng3 c5 17. Be3 Qc7 18. Qd2 Qb7 19. Rad1 Rad8 20. d5 a5 21. Nh2 c4 22. Nhf1 Bxe3 23. fxe3 Nf8 24. Nh2 Rb8 25. Nf3 g5 26. Rf1 N8h7 27. Rf2 Bc8 28. Rdf1 Qe7 29. Qe2 Rf8 30. Nh2 Kg7 31. a4 Qe8 32. axb5 Qxb5 33. Bb1 Bd7 34. Ba2 Rbc8 35. Rf3 Ne8 36. Nh5+ Kg8 37. Ng4 Bxg4 38. hxg4 Qd7 39. Ng3 Kg7 40. Nf5+ Kh8 41. Nxh6 f6 42. Bxc4 Kg7 43. Nf5+ Kf7 44. Bb5 Qd8 45. Rh3 Rh8 46. Bxe8+ Kxe8 47. Qa6 1-0

[Event "45th FIDE Womens Olympiad 2024"]
[Site "Budapest"]
[Date "2024.09.15"]
[Round "5.209"]
[White "Laamim, Roaa"]
[Black "Castillo Pena, Patricia Evarista"]
[Result "1-0"]
[ECO "B22"]
[WhiteElo "1879"]
[BlackElo "1928"]
[PlyCount "161"]
[EventDate "2024.09.05"]
[EventType "team-tourn"]
[EventCountry "HUN"]
[WhiteTeam "Morocco"]
[BlackTeam "Dominican Republic"]
[WhiteTeamCountry "MAR"]
[BlackTeamCountry "DOM"]
[TimeControl "40/5400+30:1800+30"]

1. e4 c5 2. c3 d5 3. exd5 Nf6 4. d4 Qxd5 5. Nf3 Bg4 6. Nbd2 e6 7. Qa4+ Nc6 8. Bc4 Qd6 9. Bb5 Bxf3 10. Nxf3 Be7 11. Ne5 O-O 12. Bxc6 bxc6 13. Qxc6 cxd4 14. Qxd6 Bxd6 15. cxd4 Rfc8 16. O-O Rc2 17. b3 Bb4 18. Be3 Nd5 19. Rfc1 Rxc1+ 20. Rxc1 Nxe3 21. fxe3 Bd2 22. Rc4 Bxe3+ 23. Kf1 f6 24. Nc6 Kf7 25. Ke2 Bf4 26. g3 Bd6 27. Kd3 Ke8 28. Ra4 a6 29. Nb4 a5 30. Nc6 Bc7 31. Kc4 Kd7 32. Kb5 h5 33. b4 h4 34. gxh4 Rh8 35. Nxa5 Rxh4 36. Nb3 Rxh2 37. Ka6 g5 38. b5 g4 39. b6 Bd6 40. Nc5+ Ke7 41. Kb7 f5 42. Kc6 Bb8 43. Ra8 Rh8 44. Nd3 g3 45. Nf4 Rd8 46. Rxb8 Rxb8 47. Kc7 Rg8 48. b7 Kf6 49. Nh5+ Kg5 50. Nxg3 Kf4 51. Nh1 Kf3 52. b8=Q Rxb8 53. Kxb8 Kg2 54. a4 f4 55. a5 f3 56. a6 Kxh1 57. a7 f2 58. a8=Q+ Kg1 59. Kc7 f1=Q 60. Qg8+ Kh2 61. Qh7+ Kg2 62. Qg6+ Kh2 63. Qh6+ Kg2 64. Qxe6 Qf4+ 65. Qe5 Qf7+ 66. Kd6 Qf8+ 67. Ke6 Qh6+ 68. Qf6 Qe3+ 69. Qe5 Qh6+ 70. Kd5 Qd2 71. Qe4+ Kf2 72. Qh4+ Kg2 73. Qe4+ Kf2 74. Ke5 Qa5+ 75. d5 Kg3 76. Ke6 Qa2 77. Qe5+ Kh4 78. Kf6 Qf2+ 79. Ke6 Qa2 80. Kf5 Qg2 81. Qh8+ 1-0

[Event "45th FIDE Womens Olympiad 2024"]
[Site "Budapest"]
[Date "2024.09.15"]
[Round "5.210"]
[White "Gonzalez Peguero, Mary Loly"]
[Black "Chemaou, Lilya"]
[Result "1-0"]
[ECO "A08"]
[WhiteElo "1889"]
[BlackElo "1565"]
[PlyCount "79"]
[EventDate "2024.09.05"]
[EventType "team-tourn"]
[EventCountry "HUN"]
[WhiteTeam "Dominican Republic"]
[BlackTeam "Morocco"]
[WhiteTeamCountry "DOM"]
[BlackTeamCountry "MAR"]
[TimeControl "40/5400+30:1800+30"]

1. Nf3 Nf6 2. g3 g6 3. Bg2 Bg7 4. d3 d5 5. c3 c5 6. O-O O-O 7. Nbd2 Nc6 8. e4 Bg4 9. Qc2 e5 10. h3 Bxf3 11. Nxf3 d4 12. c4 Qd6 13. a3 a6 14. Nh4 b5 15. b3 Rab8 16. f4 Nh5 17. Kh2 bxc4 18. bxc4 Na5 19. f5 Nb3 20. Rb1 Nxc1 21. Rfxc1 Bh6 22. Rxb8 Rxb8 23. Rb1 Rb6 24. Bf3 Rxb1 25. Qxb1 Qf6 26. Bxh5 gxh5 27. Qd1 Qg5 28. Qe2 Qd2 29. Qxd2 Bxd2 30. Nf3 Bc1 31. a4 f6 32. Kg2 Kf7 33. g4 hxg4 34. hxg4 h6 35. Kh3 Kg7 36. Nh4 Bd2 37. Ng6 Kf7 38. Kh4 Kg7 39. Ne7 Kf7 40. Nd5 1-0

[Event "45th FIDE Womens Olympiad 2024"]
[Site "Budapest"]
[Date "2024.09.15"]
[Round "5.211"]
[White "El Harrak, Maryam"]
[Black "Almanzar Vasquez, Jeniffer Maria"]
[Result "1-0"]
[ECO "A40"]
[WhiteElo "1639"]
[BlackElo "1876"]
[PlyCount "45"]
[EventDate "2024.09.05"]
[EventType "team-tourn"]
[EventCountry "HUN"]
[WhiteTeam "Morocco"]
[BlackTeam "Dominican Republic"]
[WhiteTeamCountry "MAR"]
[BlackTeamCountry "DOM"]
[TimeControl "40/5400+30:1800+30"]

1. d4 e5 2. dxe5 Nc6 3. Nf3 d6 4. exd6 Bxd6 5. g3 Bf5 6. c3 Qd7 7. Bg2 Nf6 8. O-O Bh3 9. Qc2 O-O-O 10. Rd1 Qg4 11. Nbd2 Bxg2 12. Kxg2 h5 13. h3 Qe6 14. Ng5 Qe7 15. Nc4 h4 16. Nxd6+ Rxd6 17. Rxd6 cxd6 18. Bf4 hxg3 19. Bxg3 Nd7 20. Ne4 Qe6 21. Nxd6+ Kd8 22. Qf5 Qxf5 23. Nxf5 1-0

[Event "45th FIDE Womens Olympiad 2024"]
[Site "Budapest"]
[Date "2024.09.15"]
[Round "5.212"]
[White "Ramirez Luzon, Franchesca"]
[Black "El Barbry, Sarah"]
[Result "1-0"]
[ECO "A11"]
[WhiteElo "1820"]
[BlackElo "1862"]
[PlyCount "81"]
[EventDate "2024.09.05"]
[EventType "team-tourn"]
[EventCountry "HUN"]
[WhiteTeam "Dominican Republic"]
[BlackTeam "Morocco"]
[WhiteTeamCountry "DOM"]
[BlackTeamCountry "MAR"]
[TimeControl "40/5400+30:1800+30"]

1. Nf3 d5 2. c4 Nf6 3. e3 e6 4. b3 Bd6 5. Bb2 Nbd7 6. Nc3 c6 7. Qc2 e5 8. cxd5 Nxd5 9. Ne4 Qe7 10. Nxd6+ Qxd6 11. d4 exd4 12. Qe4+ Qe7 13. Qxd4 N7f6 14. a3 Bd7 15. Bd3 h6 16. Rc1 Be6 17. Qh4 Rd8 18. Bb1 Nb6 19. Nd4 Rd5 20. Nxe6 Qxe6 21. O-O Rh5 22. Qg3 O-O 23. Rfd1 Rg5 24. Qf3 Nfd7 25. h4 Rd5 26. Qg3 g6 27. e4 Rxd1+ 28. Rxd1 Kh7 29. Rd6 Qe7 30. h5 Rg8 31. e5 Nf8 32. hxg6+ fxg6 33. Bc1 Nd5 34. Qh3 Qg7 35. e6 Ne7 36. g4 Nc8 37. Rd8 Nxe6 38. Rd7 Rh8 39. Qxh6+ Kg8 40. Rxg7+ Nxg7 41. Qxg6 1-0

[Event "45th FIDE Womens Olympiad 2024"]
[Site "Budapest"]
[Date "2024.09.15"]
[Round "5.213"]
[White "Clarke, Adani"]
[Black "Chen, Chi"]
[Result "1-0"]
[ECO "D30"]
[WhiteElo "1919"]
[BlackElo "1746"]
[PlyCount "75"]
[EventDate "2024.09.05"]
[EventType "team-tourn"]
[EventCountry "HUN"]
[WhiteTeam "Jamaica"]
[BlackTeam "Chinese Taipei"]
[WhiteTeamCountry "JAM"]
[TimeControl "40/5400+30:1800+30"]

1. d4 Nf6 2. c4 e6 3. Nf3 d5 4. Bg5 c6 5. e3 Qa5+ 6. Nbd2 Ne4 7. Bf4 e5 8. Bxe5 Bg4 9. Ke2 Qb4 10. Qc2 Nd7 11. a3 Qxd2+ 12. Qxd2 Nxd2 13. Kxd2 Bxf3 14. gxf3 Nxe5 15. dxe5 dxc4 16. Bxc4 b5 17. Bd3 g6 18. Be4 Rc8 19. Rac1 Rd8+ 20. Ke2 c5 21. Bc6+ Ke7 22. Rxc5 Rc8 23. Rd1 Bh6 24. Rd7+ Kf8 25. Rxa7 Rg8 26. Rb7 Bg5 27. Rbxb5 Be7 28. Rc2 Kg7 29. Rb7 Bh4 30. Be4 Rcd8 31. Rcc7 Rgf8 32. a4 Rde8 33. f4 Rc8 34. b4 Rxc7 35. Rxc7 Rb8 36. Rb7 Rc8 37. a5 Rc4 38. a6 1-0

[Event "45th FIDE Womens Olympiad 2024"]
[Site "Budapest"]
[Date "2024.09.15"]
[Round "5.214"]
[White "Shih, Ching-An"]
[Black "Miller, Rachel"]
[Result "1-0"]
[ECO "B15"]
[WhiteElo "1735"]
[BlackElo "1912"]
[PlyCount "99"]
[EventDate "2024.09.05"]
[EventType "team-tourn"]
[EventCountry "HUN"]
[WhiteTeam "Chinese Taipei"]
[BlackTeam "Jamaica"]
[BlackTeamCountry "JAM"]
[TimeControl "40/5400+30:1800+30"]

1. e4 c6 2. d4 d5 3. Nc3 dxe4 4. Nxe4 Nf6 5. Nxf6+ exf6 6. c3 Bd6 7. Bd3 O-O 8. Qc2 Re8+ 9. Ne2 h5 10. Bd2 Nd7 11. O-O-O Nf8 12. Ng3 Be6 13. Kb1 c5 14. dxc5 Bxc5 15. Be3 Qb6 16. Bxc5 Qxc5 17. Ne4 Qa5 18. c4 Red8 19. Qc3 Qc7 20. b3 a5 21. a4 Rac8 22. Kb2 Nd7 23. Nd6 Ra8 24. Nb5 Qb6 25. f3 Nc5 26. Bc2 Rdc8 27. Rd6 Rc6 28. Rhd1 Rac8 29. Qd2 Rxd6 30. Qxd6 Qxd6 31. Rxd6 Kf8 32. Rd4 Ke7 33. Kc3 b6 34. Rd6 Nxa4+ 35. Kd2 Nc5 36. Rxb6 Bd7 37. Nc3 Bc6 38. Be4 Nxe4+ 39. fxe4 Kd6 40. Ra6 Kc5 41. Rxa5+ Kb4 42. Rxh5 Kxb3 43. Kd3 g6 44. Ra5 f5 45. exf5 Bxg2 46. Rb5+ Ka3 47. Kc2 Be4+ 48. Nxe4 Rxc4+ 49. Nc3 Rb4 50. Ra5+ 1-0

[Event "45th FIDE Womens Olympiad 2024"]
[Site "Budapest"]
[Date "2024.09.15"]
[Round "5.215"]
[White "Brown, Raehanna"]
[Black "Chen, I-Chen"]
[Result "1-0"]
[ECO "D36"]
[WhiteElo "1910"]
[BlackElo "1771"]
[PlyCount "83"]
[EventDate "2024.09.05"]
[EventType "team-tourn"]
[EventCountry "HUN"]
[WhiteTeam "Jamaica"]
[BlackTeam "Chinese Taipei"]
[WhiteTeamCountry "JAM"]
[TimeControl "40/5400+30:1800+30"]

1. c4 e6 2. Nc3 d5 3. cxd5 exd5 4. d4 Nf6 5. Bg5 c6 6. e3 h6 7. Bh4 Be7 8. Bd3 Nbd7 9. Nge2 O-O 10. O-O Re8 11. Qc2 b5 12. a4 b4 13. Nb1 Bb7 14. a5 a6 15. Nd2 c5 16. Bxf6 Bxf6 17. dxc5 Rc8 18. Nb3 Qe7 19. Rac1 Ne5 20. Ned4 Nc4 21. Bxc4 dxc4 22. Qxc4 Qe4 23. c6 Qe7 24. Qd3 Ba8 25. Qxa6 Rc7 26. Rfd1 Rec8 27. Nb5 Bxb2 28. Nxc7 Qxc7 29. Rd7 Qb8 30. c7 Qb7 31. Qxb7 Bxb7 32. Rcd1 Kh7 33. Nc5 Bc6 34. Rxf7 Bf6 35. Rd6 Be8 36. Rdxf6 Bxf7 37. Rxf7 Kg6 38. Rd7 Kf6 39. Na6 b3 40. Rd6+ Ke7 41. Rb6 Kd7 42. Rxb3 1-0

[Event "45th FIDE Womens Olympiad 2024"]
[Site "Budapest"]
[Date "2024.09.15"]
[Round "5.216"]
[White "Tsai, Sophie Yi-Hsuan"]
[Black "Watson, Gabriella"]
[Result "1/2-1/2"]
[ECO "B13"]
[WhiteElo "1668"]
[BlackElo "1826"]
[PlyCount "71"]
[EventDate "2024.09.05"]
[EventType "team-tourn"]
[EventCountry "HUN"]
[WhiteTeam "Chinese Taipei"]
[BlackTeam "Jamaica"]
[BlackTeamCountry "JAM"]
[TimeControl "40/5400+30:1800+30"]

1. e4 c6 2. d4 d5 3. exd5 cxd5 4. Bd3 Nc6 5. c3 Qc7 6. Ne2 Bg4 7. O-O Nf6 8. Qe1 e6 9. f3 Bh5 10. Bf4 Qd8 11. Nd2 Bg6 12. Bxg6 hxg6 13. Nb3 Nh5 14. Nc5 Nxf4 15. Nxf4 Bxc5 16. dxc5 O-O 17. Rd1 Re8 18. Qf2 a5 19. Rfe1 Qc7 20. Qh4 Ne7 21. Nd3 Nf5 22. Qa4 e5 23. Kh1 Rad8 24. Rd2 Re7 25. Qd1 e4 26. fxe4 dxe4 27. Nc1 Rxd2 28. Qxd2 Qxc5 29. Nb3 Qc7 30. Nd4 e3 31. Qd3 Nxd4 32. Qxd4 Qe5 33. Kg1 Qg5 34. h4 Qg3 35. Re2 Kh7 36. Qd3 1/2-1/2